 Dungeon Crawl Stone Soup version 0.27.0-1-g7a089689b8 (webtiles) character file.

Game seed: 15356307609605477537

53 Thatpatchoflichen the Skirmisher (level 3, 0/33 HPs)
             Began as a Hill Orc Fighter on Aug 7, 2021.
             Was a Follower of Zin.
             Succumbed to an adder's poison
             ... on level 2 of the Dungeon.
             The game lasted 00:03:51 (1286 turns).

Thatpatchoflichen the Skirmisher (Hill Orc Fighter) Turns: 1286, Time: 00:03:52

Health: 0/33       AC:  7    Str: 18    XL:     3   Next: 87%
Magic:  3/3        EV:  7    Int:  8    God:    Zin [*.....]
Gold:   24         SH:  9    Dex: 11    Spells: 2/2 levels left

rFire    . . .     SeeInvis .   a - +0 war axe
rCold    . . .     Faith    .   c - +0 kite shield
rNeg     . . .     Spirit   .   b - +0 scale mail
rPois    .         Reflect  .   (no helmet)
rElec    .         Harm     .   (no cloak)
rCorr    .         Rampage  .   (no gloves)
Will     .....                  (no boots)
Stlth    ..........             (no amulet)
HPRegen  0.11/turn              (no ring)
MPRegen  0.08/turn              (no ring)

@: lethally poisoned (0 -> -7)
A: no striking features
a: Renounce Religion, Recite, Donate Gold


You were on level 2 of the Dungeon.
You worshipped Zin.
Zin was aware of your devotion.
You visited 1 branch of the dungeon, and saw 2 of its levels.

You collected 54 gold pieces.
You donated 30 gold pieces to Zin.

Inventory:

Hand Weapons
 a - a +0 war axe (weapon)
Armour
 b - a +0 scale mail (worn)
 c - a +0 kite shield (worn)
 j - a +0 plate armour
Scrolls
 f - 3 scrolls of teleportation {unknown}
 g - a scroll of fear {unknown}
 h - a scroll of identify {unknown}
 i - a scroll of blinking {unknown}
Potions
 d - a potion of might
 e - a potion of haste {unknown}


   Skills:
 + Level 4.0 Fighting
 + Level 3.5 Axes
 + Level 3.9 Armour
 + Level 3.8 Shields
 + Level 0.3 Invocations


You had 2 spell levels left.
You didn't know any spells.
Your spell library was empty.

Dungeon Overview and Level Annotations

Branches:
Dungeon (2/15)

Altars:
Zin


Message History

You hit the adder.
The adder is moderately wounded.
You block the adder's attack. x2
You closely miss the adder.
The adder is moderately wounded.
The adder bites you. You block the adder's attack.
You slash the adder!
You kill the adder!
The adder bites you.
You are poisoned.
The adder poisons you!
You closely miss the adder.
You feel sick. The adder barely misses you. You block the adder's attack.
You slash the adder!
The adder is severely wounded.
You feel sick. The adder bites you. x2
You are more poisoned.
The adder poisons you!
You closely miss the adder.
The adder is severely wounded.
You feel very sick. The adder bites you. You block the adder's attack.
You barely miss the adder.
The adder is severely wounded.
You feel sick. The adder bites you but does no damage. The adder bites you.
* * * LOW HITPOINT WARNING * * *
You closely miss the adder.
The adder is severely wounded.
* * * LOW HITPOINT WARNING * * *
You feel sick.
The adder bites you but does no damage. x2
You closely miss the adder.
The adder is severely wounded.
* * * LOW HITPOINT WARNING * * *
You feel sick. You block the adder's attack. The adder bites you.
Zin protects you from harm!
You are more poisoned.
The adder poisons you!
You hit the adder.
You kill the adder!
You die...

#.# #.# . #.# #.# .
##.# . #..# #.## #.
#.# #. #.# # #. #.#
. #. # #@# # #.
#.##†# #. #....#
#####.#####.#
#...........#
......(.............
.......#####.#######
.#.#### #.# # #.#


There were no monsters in sight!

Vanquished Creatures
  2 adders (D:2)
  A dart slug (D:2)
  3 ball pythons (D:1)
  An endoplasm (D:1)
  A giant cockroach (D:1)
  4 goblins (D:1)
  6 hobgoblins
  3 jackals (D:2)
  4 kobolds (D:1)
  3 quokkas
  6 bats (D:1)
  A frilled lizard (D:1)
  5 rats (D:1)
40 creatures vanquished.

Notes
Turn   | Place    | Note
-------+----------+-------------------------------------------
     0 | D:1      | Thatpatchoflichen the Hill Orc Fighter began the quest for
                  | the Orb.
     0 | D:1      | Reached XP level 1. HP: 19/19 MP: 1/1
     0 | D:1      | Found a faded altar of an unknown god.
    21 | D:1      | Became a worshipper of Zin the Law-Giver
    21 | D:1      | Reached * piety under Zin
    58 | D:1      | Reached XP level 2. HP: 25/27 MP: 2/2
   458 | D:1      | Reached skill level 4 in Fighting
   458 | D:1      | Reached XP level 3. HP: 33/33 MP: 3/3
   685 | D:1      | Donated 25 gold pieces to Zin
  1285 | D:2      | HP: 1/33 [poisoned by an adder]
  1285 | D:2      | Zin protects you from harm!
  1286 | D:2      | Succumbed to an adder's poison

Illustrated notes

Levels and vault maps discovered:
D:1:      dpeg_arrival_tiny_j, layout_basic, ebering_ecumenical_altar_rust,
          minmay_circled_x
D:2:      layout_loops_ring

Skill      XL: |  1  2 |
---------------+-------+-----
Axes           | 3 |  3.5
Fighting       | 4 |  4.0
Armour         | |  3.9
Shields        | |  3.8
Invocations    | |  0.3

Action                   || total
-------------------------++-------
Melee: War axe           ||    94
Invok: Donate Gold       ||     1
Armor: Scale mail        ||    71
Dodge: Dodged            ||    41
Block: Kite shield       ||    74
